 Dungeon Crawl Stone Soup version 0.18.1-48-g4cf74bf (webtiles) character file.

435 Anatei the Covert (level 7, -1/75 HPs)
             Began as an Octopode Assassin on Aug 28, 2016.
             Slain by Prince Ribbit (5 damage)
             ... on level 5 of the Dungeon.
             The game lasted 00:13:17 (2265 turns).

Anatei the Covert (Octopode Assassin)               Turns: 2265, Time: 00:13:17

Health: -1/75      AC: 23    Str: 10    XL:     7   Next: 0%
Magic:  7/7        EV:  2    Int: 13    God:
Gold:   155        SH:  0    Dex: 16    Spells: 0 memorised, 6 levels left

rFire  . . .     SeeInvis .     s - +0 dagger (venom)
rCold  . . .     Gourm    .     (no shield)
rNeg   + + +     Faith    .     (helmet currently unavailable)
rPois  +         Spirit   .     (no amulet)
rElec  .         Dismiss  .     h - ring of sustain attributes
rCorr  .         Reflect  .     (no ring)
SustAt +         Harm     .     (no ring)
MR     .....     NoTele   +     (no ring)
Stlth  ++++++....               (no ring)
                                (no ring)
                                (no ring)
                                (no ring)

@: tree-form (expiring), not resistant to hostile enchantments, very stealthy
A: almost no armour, (amphibious), 8 rings, (constrict 8), (camouflage 0),
(gelatinous body 0)
a: no special abilities


You were on level 5 of the Dungeon.
You were not hungry.
You were a tree.
You visited 1 branch of the dungeon, and saw 4 of its levels.

You collected 155 gold pieces.

Inventory:

Hand Weapons
 a - a +3 dagger
 b - a +0 blowgun
 s - a +0 dagger of venom (weapon)
Missiles
 c - 18 poisoned needles
 d - 2 curare-tipped needles
Jewellery
 h - a ring of sustain attributes (left branch)
Wands
 u - a wand of slowing (22/48)
Scrolls
 i - a scroll of immolation {unknown}
 q - 2 scrolls of recharging {unknown}
 t - a scroll of magic mapping {unknown}
 v - a scroll of noise {unknown}
 w - a scroll of fear {unknown}
 x - a scroll of teleportation
Potions
 e - 2 potions of brilliance
 g - a potion of cancellation
 j - a potion of lignification
 k - a potion of agility
 m - a potion of magic {unknown}
 n - a potion of cure mutation {unknown}
 o - a potion of curing {unknown}
 r - a potion of haste {unknown}
Comestibles
 f - 2 bread rations
 l - a slice of pizza
 p - a beef jerky
 z - a meat ration


   Skills:
 + Level 5.2 Fighting
 - Level 2.0 Short Blades
 - Level 2.0 Throwing
 - Level 1.0 Dodging
 + Level 8.9 Stealth


You had 6 spell levels left.
You didn't know any spells.

Dungeon Overview and Level Annotations

Branches:
Dungeon (3/15)

Altars:
Nemelex Xobeh
Vehumet

Annotations:
D:5 Prince Ribbit


Innate Abilities, Weirdness & Mutations

You cannot wear most types of armour.
((You are amphibious.))
You can wear up to eight rings at the same time.
((You can use your tentacles to constrict eight enemies at once.))
((Your skin changes colour to match your surroundings (Stealth).))
((Your rubbery body absorbs attacks (AC +1).))


Message History

You hit Prince Ribbit.
Prince Ribbit is poisoned.
Prince Ribbit is moderately wounded.
Prince Ribbit hits you but does no damage.
You hit Prince Ribbit.
Prince Ribbit is moderately wounded.
Prince Ribbit hits you but does no damage.
Prince Ribbit hits you.
* * * LOW HITPOINT WARNING * * *
Read which item? (? for menu, Esc to quit)
You cannot teleport because you are held in place by your roots.
Prince Ribbit hits you but does no damage.
You cannot move.
You closely miss Prince Ribbit.
Prince Ribbit is moderately wounded.
Prince Ribbit hits you.
* * * LOW HITPOINT WARNING * * *
You miss Prince Ribbit.
Prince Ribbit is moderately wounded.
Prince Ribbit hits you.
You die...

#.. #.. ### #######
#....?# .# #.###.##...#
#.# #.###Fl..# ..
#(..♣###.# #.# ####.# #
.. #(# #.# #.# ### #..
#(# ..# #. ######(###.#
#. #.......##.# ##
#.....(.##.############
#..(....'.....†........


You could see Prince Ribbit and an iguana.

Vanquished Creatures
  Sigmund (D:3)
  A scorpion (D:5)
  A howler monkey (D:5)
  Ijyb (D:3)
  A worker ant (D:5)
  Terence (D:3)
  4 adders
  A worm (D:2)
  3 giant geckos
  3 orcs
  A ball python (D:1)
  4 giant cockroaches
  9 goblins
  6 hobgoblins
  7 kobolds
  A quokka (D:2)
  17 bats
  2 giant newts (D:1)
  10 rats
74 creatures vanquished.

Notes
Turn   | Place    | Note
--------------------------------------------------------------
     0 | D:1      | Anatei the Octopode Assassin began the quest for the Orb.
     0 | D:1      | Reached XP level 1. HP: 14/14 MP: 1/1
   101 | D:1      | Reached XP level 2. HP: 11/20 MP: 2/2
   291 | D:1      | Reached skill level 6 in Stealth
   424 | D:1      | Reached XP level 3. HP: 22/25 MP: 3/3
   772 | D:2      | Found a sparkling altar of Nemelex Xobeh.
  1090 | D:2      | Reached XP level 4. HP: 31/31 MP: 4/4
  1093 | D:2      | Found a radiant altar of Vehumet.
  1321 | D:3      | Noticed Terence
  1328 | D:3      | Killed Terence
  1537 | D:3      | Reached skill level 7 in Stealth
  1604 | D:3      | Noticed Sigmund
  1634 | D:3      | Killed Sigmund
  1634 | D:3      | Reached skill level 8 in Stealth
  1634 | D:3      | Reached XP level 5. HP: 29/38 MP: 5/5
  1634 | D:3      | Reached XP level 6. HP: 34/44 MP: 6/6
  1862 | D:3      | Noticed Ijyb
  1876 | D:3      | Killed Ijyb
  2014 | D:3      | You fall through a shaft for 2 floors!
  2014 | D:5      | Entered Level 5 of the Dungeon
  2138 | D:5      | Reached skill level 5 in Fighting
  2191 | D:5      | Reached XP level 7. HP: 46/50 MP: 7/7
  2206 | D:5      | Noticed Prince Ribbit
  2265 | D:5      | Slain by Prince Ribbit

Skill      XL: |  1  2  3  4  5  6 |
---------------+-------------------+-----
Stealth        | 6 8 |  8.9
Fighting       | 3 4 5 |  5.2
Short Blades   | |  2.0
Throwing       | |  2.0
Dodging        | |  1.0

Action                   |  1- 3 |  4- 6 |  7- 9 || total
-------------------------+-------+-------+-------++-------
Melee: Dagger            |    75 |    54 |    11 ||   140
       Tentacles         |    19 |    11 |       ||    30
       Constrict         |    18 |    10 |       ||    28
       Blowgun           |       |       |     5 ||     5
 Fire: Blowgun           |       |       |     6 ||     6
  Use: Scroll            |     8 |     1 |       ||     9
       Potion            |       |       |     1 ||     1
 Stab: Sleeping          |    15 |     8 |       ||    23
  Eat: Bread ration      |       |     1 |       ||     1
Armor: Skin              |     7 |     5 |    12 ||    24
Dodge: Dodged            |    41 |    34 |     1 ||    76
